 Dungeon Crawl Stone Soup version 0.30-a0-304-gdc4b735fe1 (webtiles) character file.

Game seed: 6284496864743175823

97 benadryl the Ruffian (level 4, -2/42 HPs)
             Began as a Troll Artificer on Oct 20, 2022.
             Slain by an orc priest
             ... wielding a +0 flail
              (10 damage)
             ... on level 3 of the Dungeon.
             The game lasted 00:01:24 (1661 turns).

benadryl the Ruffian (Troll Artificer)              Turns: 1661, Time: 00:01:24

Health: -2/42      AC:  4    Str: 22    XL:     4   Next: 42%
Magic:  3/3        EV: 10    Int:  7    God:
Gold:   158        SH:  0    Dex: 16    Spells: 3/3 levels left

rFire   + . .      SeeInvis .      - Unarmed
rCold   + . .      Faith    .    (no shield)
rNeg    . . .      Spirit   .    b - +0 robe
rPois   +          Reflect  .    (helmet restricted)
rElec   +          Harm     .    s - scarf {repulsion}
rCorr   +          Rampage  .    (gloves unavailable)
Will    .....                    (boots unavailable)
Stlth   +.........               l - amulet of regeneration
HPRegen 1.87/turn                f - +6 ring of dexterity
MPRegen 0.08/turn                (no ring)

@: confused, resistant, repel missiles
A: large, unfitting armour, claws 3, regeneration 1, shaggy fur 1, tough skin 1
a: no special abilities


You were on level 3 of the Dungeon.
You visited 1 branch of the dungeon, and saw 3 of its levels.

You collected 158 gold pieces.

Inventory:

Hand Weapons
 t - the +8 dagger of Courage {holy, rN++}
   (You found it on level 2 of the Dungeon)

   It has been blessed by the Shining One to cause great damage to the undead
   and demons.
   rN:        It greatly protects you from negative energy.
Armour
 b - a +0 robe (worn)
 s - a scarf of repulsion (worn)
Jewellery
 f - a +6 ring of dexterity (left claw)
 l - an amulet of regeneration (around neck)
Wands
 c - a wand of flame (15) (quivered)
 d - a wand of charming (15)
 e - a wand of iceblast (7)
 y - a wand of paralysis (9)
Scrolls
 j - 4 scrolls of noise {unknown}
 m - a scroll of torment {unknown}
 o - a scroll of amnesia {unknown}
 u - a scroll of enchant armour {unknown}
 v - a scroll of poison {unknown}
 w - a scroll of identify {unknown}
 x - a scroll of fear {unknown}
Potions
 a - a potion of ambrosia {unknown}
 g - a potion of heal wounds {unknown}
 h - a potion of cancellation {unknown}
 i - a potion of mutation {unknown}
 k - a potion of curing {unknown}
 n - a potion of attraction {unknown}
 p - a potion of degeneration {unknown}
 r - a potion of haste {unknown}


   Skills:
 + Level 2.0 Fighting
 - Level 1.9 Dodging
 - Level 0.3 Stealth
 * Level 3.3 Unarmed Combat
 - Level 2.1 Evocations


You had 3 spell levels left.
You didn't know any spells.
Your spell library contained the following spells:

 Spells                   Type           Power      Damage    Failure   Level
 Freeze                   Ice            0%         1d3       43%         1
 Sandblast                Erth           0%         2d4       43%         1
 Shock                    Conj/Air       0%         1d3       43%         1
 Summon Forest            Summ/Tloc      0%         N/A       100%        5
 Summon Mana Viper        Hex/Summ       0%         N/A       100%        5
 Summon Cactus Giant      Summ           0%         N/A       100%        6


Dungeon Overview and Level Annotations

Branches:
Dungeon (3/15)

Altars:


Innate Abilities, Weirdness & Mutations

You are too large for most types of armour.
You have claws for hands.
Your natural rate of healing is unusually fast.
You are covered in fur. (AC +1)
You have tough skin. (AC +1)


Message History

Beogh smites you!
The orc priest shouts!
The orc wizard casts a spell.
The orc wizard flickers and vanishes!
Deactivating autopickup; reactivate with Ctrl-A.
The orc priest calls down the wrath of Beogh upon you.
Beogh smites you! The orc completely misses you.
You are too injured to fight recklessly!
You are too injured to fight recklessly!
There are monsters nearby!
You are too injured to fight recklessly!
You are too injured to fight recklessly!
You are too injured to fight recklessly!
You are too injured to fight recklessly!
You are too injured to fight recklessly!
There are monsters nearby!
You are too injured to fight recklessly!
You are too injured to fight recklessly!
You are too injured to fight recklessly!
You are too injured to fight recklessly!
You are too injured to fight recklessly!
You claw the orc!
You kill the orc!
The orc priest mumbles some strange prayers to Beogh against you.
Beogh smites you!
* * * LOW HITPOINT WARNING * * *
Things that are here:
a +0 dagger; an orc corpse You claw the orc priest!
The orc priest is heavily wounded.
The orc wizard gestures at you while chanting.
You are confused.
The orc priest calls down the wrath of Beogh upon you.
Pain shoots through your body!
* * * LOW HITPOINT WARNING * * *
It was a potion of resistance.
You feel protected. Something hits you but does no damage.
The orc priest hits you with a +0 flail!
You die...

##.#.....##.#####.
#..#..##...(......
#.#..######.####..
##...## #.####..
#....# #....#..
#....# ####.#..
#....# #..#.
#....# ##...
#.@o.# #... #oo..#
#.†. #....# #.).
#....# #... #....#
#... #....# #...
###### #... #...
#...


You could see 2 orc priests and an orc wizard.

Vanquished Creatures
  5 adders
  4 dart slugs
  2 orcs (D:3)
  2 bats
  3 endoplasms (D:1)
  3 giant cockroaches
  2 goblins (D:1)
  2 hobgoblins (D:2)
  4 jackals (D:1)
  3 kobolds
  2 quokkas
  3 ball pythons
  7 rats
42 creatures vanquished.

Notes
Turn   | Place    | Note
-------+----------+-------------------------------------------
     0 | D:1      | benadryl the Troll Artificer began the quest for the Orb.
     0 | D:1      | Reached XP level 1. HP: 18/18 MP: 0/0
    40 | D:1      | Reached skill level 1 in Fighting
    97 | D:1      | Reached skill level 1 in Unarmed Combat
   126 | D:1      | Reached XP level 2. HP: 25/27 MP: 1/1
   407 | D:1      | Reached skill level 2 in Unarmed Combat
   458 | D:1      | Got Ihing's Initiation to Theurgy
   682 | D:2      | Reached XP level 3. HP: 33/33 MP: 2/2
   879 | D:2      | Identified the +8 dagger of Courage {holy, rN++}
  1357 | D:3      | Reached skill level 3 in Unarmed Combat
  1357 | D:3      | Reached XP level 4. HP: 42/42 MP: 3/3
  1661 | D:3      | Slain by an orc priest

Illustrated notes

Levels and vault maps discovered:
D:1:      wander_arrival_lonely_grave, layout_loops_ring, minmay_bisected
D:2:      layout_loops_cross
D:3:      layout_rooms, jmf_multi_god_temple

Skill      XL: |  1  2  3  4 |
---------------+-------------+-----
Fighting       | 1 2 |  2.0
Unarmed Combat | 1 2 3 |  3.3
Dodging        | |  1.9
Stealth        | |  0.3
Evocations     | |  2.1

Action                   |  1- 3 |  4- 6 || total
-------------------------+-------+-------++-------
Melee: Unarmed           |    95 |    21 ||   116
  Use: Potion            |       |     1 ||     1
 Stab: Sleeping          |     5 |     1 ||     6
Armor: Robe              |    29 |     4 ||    33
Dodge: Dodged            |    46 |     9 ||    55

Table legend: (Time is in decaauts)
 A = Elapsed time spent in this place.
 B = Non-inter-level travel time spent in this place.
 C = Inter-level travel time spent in this place.
 D = Time resting spent in this place.
 E = Time spent auto-exploring this place.
 F = Levels seen in this place.
 G = Mean time per level.
                   A        B        C        D        E       F      G
               +--------+--------+--------+--------+--------+-----+--------+
         Total |   1654 |   1557 |     97 |      0 |   1273 |   3 |  551.3 |
       Dungeon |   1654 |   1557 |     97 |      0 |   1273 |   3 |  551.3 |
               +--------+--------+--------+--------+--------+-----+--------+

Top non-repeatable levels by time:
     D:2: 675 daAuts
     D:1: 662 daAuts
     D:3: 317 daAuts
